 Dungeon Crawl Stone Soup version 0.32-a0-975-g85d4e5bfdb (webtiles) character file.

Game seed: 1006169718549525583

4613 Hubris850 the Basher (level 10, -2/75 (77) HPs)
             Began as a Green Draconian Earth Elementalist on Apr 18, 2024.
             Was a Believer of Ru.
             Slain by a spriggan
             ... wielding the +10 spear of the Whale {speed, ^Fragile rPois Dex+4}
              (12 damage)
             ... on level 8 of the Dungeon.
             The game lasted 00:23:37 (8411 turns).

Hubris850 the Basher (DrEE)                         Turns: 8411, Time: 00:23:39

HP:   -2/75 (77)    AC: 13    Str: 15    XL:     10   Next: 19%
MP:   13/13         EV: 17    Int: 18    God:    Ru [**....]
Gold: 492           SH:  0    Dex: 11    Spells: 6/13 levels left

rFire   . . .        u - +9 morningstar of Nemelex Xobeh's Regard {flame, *Corrode rElec Str+2 Stlth+}
rCold   . . .        (no shield)
rNeg    . . .        (body armour unavailable)
rPois   +            (helmet restricted)
rElec   +            n - +0 cloak
rCorr   .            (no gloves)
SInv    .            t - +0 pair of boots
Will    .....        F - amulet of magic regeneration
Stlth   +++          l - +4 ring of protection
HPRegen 0.32/turn    M - +5 ring of evasion
MPRegen 0.53/turn

%: corrode self (3%)
@: lightly drained
A: noxious breath, AC +7, unfitting armour, poison resistance, cold-blooded,
inability to read after injury 2, hated by all, inability to drink after injury
1
a: Noxious Breath, Renounce Religion


You were on level 8 of the Dungeon.
You worshipped Ru.
Ru was pleased with you.
You visited 1 branch of the dungeon, and saw 8 of its levels.
You also visited: Ossuary.

You collected 492 gold pieces.

Inventory:

Hand Weapons
 b - a +1 vampiric dagger
 i - a +1 spear of distortion
 p - a +4 quarterstaff of chaos
 u - the +9 morningstar of Nemelex Xobeh's Regard (weapon) {flame, *Corrode rElec Str+2 Stlth+}
   (You found it on level 4 of the Dungeon)

   Str+2:     It affects your strength (+2).
   rElec:     It insulates you from electricity.
   *Corrode:  It may corrode you when you take damage.
   Stlth+:    It makes you more stealthy.
 I - the +10 trident "Leamp" {freeze, +Blink Int-5 Dex+8}
   (You found it on level 8 of the Dungeon)

   Int-5:     It affects your intelligence (-5).
   Dex+8:     It affects your dexterity (+8).
   +Blink:    It lets you blink.
Missiles
 c - 7 poisoned darts
 E - 4 boomerangs
 G - a curare-tipped dart
Armour
 n - a +0 cloak (worn)
 t - a +0 pair of boots (worn)
Magical Staves
 K - a staff of cold
Jewellery
 l - a +4 ring of protection (left hand)
 v - a +6 ring of strength
 F - an amulet of magic regeneration (around neck)
 M - a +5 ring of evasion (right hand)
Talismans
 D - a serpent talisman
Wands
 A - a wand of warping (5)
 N - a wand of light (11)
Scrolls
 d - a scroll of revelation {unknown}
 e - 11 scrolls of identify {unknown}
 f - a scroll of fog {unknown}
 g - 6 scrolls of teleportation {unknown}
 h - 4 scrolls of silence {unknown}
 k - 4 scrolls of vulnerability {unknown}
 o - a scroll of immolation {unknown}
 s - a scroll of noise {unknown}
 y - 4 scrolls of amnesia {unknown}
 z - a scroll of brand weapon {unknown}
 B - a scroll of poison {unknown}
 J - a scroll of fear {unknown}
Potions
 a - a potion of magic
 j - 2 potions of attraction {unknown}
 m - 3 potions of curing
 q - a potion of heal wounds {unknown}
 r - 2 potions of brilliance
 w - 2 potions of berserk rage {unknown}
 x - 2 potions of haste {unknown}
 C - 3 potions of ambrosia
 H - a potion of cancellation {unknown}
 L - a potion of mutation {unknown}


   Skills:
 - Level 3.0 Fighting
 + Level 13.1 Maces & Flails
 - Level 3.8 Polearms
 - Level 4.0 Dodging
 - Level 3.0 Stealth
 - Level 2.0 Spellcasting
 - Level 1.0 Conjurations
 - Level 3.0 Earth Magic


You had 6 spell levels left.
You knew the following spells:

 Your Spells              Type           Power      Damage    Failure   Level
a - Sandblast             Erth           24%        2d8       5%          1
b - Passwall              Erth           12%        N/A       16%         3
c - Stone Arrow           Conj/Erth      18%        3d8       24%         3

Your spell library contained the following spells:

 Spells                   Type           Power      Damage    Failure   Level
 Freeze                   Ice            4%         1d3       19%         1
 Ensorcelled Hibernation  Hex/Ice        2%         N/A       26%         2
 Hailstorm                Conj/Ice       3%         3d5       41%         3
 Frozen Ramparts          Ice            2%         1d1       47%         3
 Fugue of the Fallen      Necr           1%         N/A       47%         3
 Inner Flame              Hex/Fire       1%         N/A       47%         3
 Brom's Barrelling Bould  Conj/Erth      9%         2d3       61%         4
 Petrify                  Alch/Erth      7%         N/A       67%         4
 Anguish                  Hex/Necr       0%         N/A       87%         4
 Irradiate                Conj/Alch      1%         3d12      99%         5
 Ignition                 Fire           0%         3d3       100%        8
 Animate Armour           Summ/Erth      Unusable   N/A       N/A         4
 Seismic Cannonade        Alch/Erth      Unusable   6d4       N/A         7

Dungeon Overview and Level Annotations

Branches:
Dungeon (8/15)             Temple (0/1) D:7         Ossuary (visited)
   Lair: D:8-11

Altars:
Dithmenos
Makhleb
Okawaru
Qazlal
Ru
Sif Muna
Uskayaw
Vehumet
Wu Jian

Shops:
D:2 *

Annotations:
D:4 exclusion: statue
D:8 JoadsterXIII's ghost, novice CoSh


Innate Abilities, Weirdness & Mutations

You can breathe blasts of noxious fumes.
Your lurid green scales are hard. (AC +7)
You cannot fit into any form of body armour.
Your system is resistant to poisons. (rPois)
You are cold-blooded and may be slowed by cold attacks.
You sometimes lose the ability to read scrolls when taking damage.
You are hated by all.
You occasionally lose the ability to drink potions when taking damage.


Message History

You now have 492 gold pieces (gained 4).
N - a wand of light (11)
Found a stone staircase leading up.
There is a stone staircase leading up here.
There is a stone staircase leading up here.
w - 2 emerald potions (gained 1)
The spriggan shouts!
The polar bear growls angrily.
There is a stone staircase leading down here.
You see here a +0 robe.
JoadsterXIII's ghost turns its malevolent gaze towards you.
You open the door.
The spriggan hits you from afar with a +0 spear!
You hit the polar bear. You burn the polar bear.
You tail-slap the polar bear, but do no damage.
The polar bear is lightly wounded.
The spriggan barely misses you.
The spriggan hits you from afar with the +10 spear of the Whale.
The polar bear closely misses you.
The polar bear completely misses you. x2
JoadsterXIII's ghost says, "Are you willing to die fighting?
I was!"
You thump the polar bear! You burn the polar bear.
The polar bear is heavily wounded.
The spriggan hits you from afar with the +10 spear of the Whale!
The spriggan hits you but does no damage.
The polar bear misses you. The polar bear completely misses you.
The polar bear closely misses you.
You impale the polar bear!! You burn the polar bear.
The polar bear is almost dead.
The spriggan hits you from afar with the +10 spear of the Whale!
The spriggan hits you from afar with a +0 spear.
The spriggan hits you from afar with the +10 spear of the Whale!
* * * LOW HITPOINT WARNING * * *
You hit the polar bear but do no damage.
The polar bear is almost dead.
The polar bear bites you!
* * * LOW HITPOINT WARNING * * *
The polar bear completely misses you. x2
The spriggan hits you from afar with the +10 spear of the Whale!
You die...
Ru respects your ultimate sacrifice.

###.........÷.......#
###.........##....#
♣♣#................ ♣♣
♣♣.#................
♣♣.♣♣.##...<........###.
♣....♣#ß..............#.
♣.Wi#.................
♣..!♣ih.....######..##..
♣....♣#@......####......
♣....♣#ß.....###........
♣♣.. ♣##.............#.#
###♣♣ ♣.$#......####.###..
#.####♣♣♣#......####...##.
#....#####....#....##..###
##...........###...##..#.#
##..#........####........
####.....#.## #.......##


You could see a polar bear, 2 spriggans and JoadsterXIII's ghost.

Vanquished Creatures
  A wyvern (D:8)
  A steam dragon (D:8)
  Edmund (D:6)
  2 water moccasins (D:7)
  An orc warrior (D:8)
  2 sky beasts
  5 black bears
  2 ice beasts
  3 ogres (D:5)
  2 centaurs
  2 phantoms
  A kobold brigand (D:6)
  6 bullfrogs
  2 scorpions (D:6)
  7 wights
  4 killer bees (D:7)
  2 howler monkeys
  3 bombardier beetles
  4 orc priests
  5 jellies (D:6)
  A sleepcap (D:8)
  2 hounds (D:6)
  Crazy Yiuf (D:4)
  2 gnoll boudas
  6 iguanas
  8 orc wizards
  6 mummies (Ossuary)
  14 gnolls
  11 adders
  2 ufetubi (D:7)
  A dart slug (D:2)
  A ribbon worm (D:4)
  38 orcs
  3 bats
  9 endoplasms
  A giant cockroach (D:2)
  5 goblins
  5 hobgoblins
  4 jackals (D:3)
  5 kobolds
  3 quokkas
  15 ball pythons
  2 frilled lizards
  4 hobgoblin zombies (Ossuary)
  2 kobold zombies (Ossuary)
  2 orc zombies (Ossuary)
  8 rats
217 creatures vanquished.

Notes
Turn   | Place    | Note
-------+----------+-------------------------------------------
     0 | D:1      | Hubris850 the Draconian Earth Elementalist began the quest
                  | for the Orb.
     0 | D:1      | Reached XP level 1. HP: 14/14 MP: 3/3
   110 | D:1      | Reached XP level 2. HP: 22/22 MP: 1/5
   128 | D:1      | Reached skill level 1 in Fighting
   939 | D:2      | Reached XP level 3. HP: 28/28 MP: 0/6
  1276 | D:2      | Reached XP level 4. HP: 36/36 MP: 5/7
  1280 | D:2      | Learned a level 3 spell: Passwall
  1284 | D:2      | Learned a level 3 spell: Stone Arrow
  1557 | D:2      | Found Naopraz's General Store.
  1569 | D:2      | Identified the +1 chain mail of Vitzev {^Drain Str-5 Int+8
                  | Slay+5}
  1663 | D:2      | Found an ornate altar of the Wu Jian Council.
  2392 | D:3      | Got the Teachings on Spelunking
  2466 | D:3      | Reached skill level 1 in Polearms
  2487 | D:3      | Reached XP level 5. HP: 34/44 MP: 8/8
  2563 | D:3      | Found a sacrificial altar of Ru.
  2571 | D:3      | Became a worshipper of Ru the Awakened
  2864 | D:4      | Noticed a sky beast
  2886 | D:4      | Killed a sky beast
  2887 | D:4      | Reached XP level 6. HP: 29/51 MP: 9/9
  3029 | D:4      | Found a sand-covered staircase.
  3059 | Ossuary  | Entered an ossuary
  3628 | D:4      | Identified the +9 morningstar of Nemelex Xobeh's Regard
                  | {flame, *Corrode rElec Str+2 Stlth+}
  3638 | D:4      | Gained mutation: You occasionally lose the ability to drink
                  | potions when taking damage. [mutagenic glow]
  3910 | D:4      | Found a radiant altar of Vehumet.
  3986 | D:4      | Found a burning altar of Makhleb.
  3991 | D:4      | Found a blossoming altar of Fedhas.
  3994 | D:4      | Found a stormy altar of Qazlal.
  4031 | D:4      | Found an iron altar of Okawaru.
  4115 | D:4      | Gained mutation: You occasionally lose the ability to read
                  | scrolls when taking damage. [Ru sacrifice]
  4115 | D:4      | Gained mutation: You sometimes lose the ability to read
                  | scrolls when taking damage. [Ru sacrifice]
  4115 | D:4      | Reached * piety under Ru
  4188 | D:4      | Found a runed translucent door.
  4189 | D:4      | Noticed Crazy Yiuf
  4196 | D:4      | Killed Crazy Yiuf
  4197 | D:4      | Reached skill level 1 in Maces & Flails
  4293 | D:4      | Reached skill level 2 in Maces & Flails
  4296 | D:4      | Your scales start taking on a lurid green colour.
  4296 | D:4      | Reached XP level 7. HP: 50/57 MP: 10/10
  4296 | D:4      | Gained mutation: Your system is resistant to poisons.
                  | (rPois) [Green Draconian growth]
  4455 | D:5      | Entered Level 5 of the Dungeon
  4461 | D:5      | Reached skill level 3 in Maces & Flails
  4580 | D:5      | Reached skill level 4 in Maces & Flails
  4586 | D:5      | Reached skill level 5 in Maces & Flails
  4724 | D:5      | Reached skill level 6 in Maces & Flails
  4724 | D:5      | Reached XP level 8. HP: 52/63 MP: 8/11
  5228 | D:5      | Found a hide-covered altar of Uskayaw.
  5231 | D:5      | Reached skill level 7 in Maces & Flails
  5796 | D:6      | Reached skill level 8 in Maces & Flails
  6219 | D:6      | Found a shimmering blue altar of Sif Muna.
  6234 | D:6      | Noticed Edmund
  6239 | D:6      | Killed Edmund
  6240 | D:6      | Reached skill level 9 in Maces & Flails
  6414 | D:6      | Reached XP level 9. HP: 69/69 MP: 12/12
  6496 | D:6      | Reached skill level 10 in Maces & Flails
  6766 | D:7      | Gained mutation: You are hated by all. [Ru sacrifice]
  6766 | D:7      | Reached ** piety under Ru
  6807 | D:7      | Reached skill level 11 in Maces & Flails
  6825 | D:7      | HP: 2/69 [killer bee (6)]
  7258 | D:7      | Reached skill level 12 in Maces & Flails
  7433 | D:7      | Found a staircase to the Ecumenical Temple.
  7558 | D:7      | Found a shadowy altar of Dithmenos.
  7633 | D:8      | Found a runed translucent door.
  7651 | D:8      | Identified the +10 trident "Leamp" {freeze, +Blink Int-5
                  | Dex+8}
  7687 | D:8      | Identified the +10 spear of the Whale {speed, ^Fragile
                  | rPois Dex+4}
  7688 | D:8      | Noticed JoadsterXIII's ghost (novice CoSh)
  7690 | D:8      | Noticed a polar bear
  7703 | D:8      | Reached XP level 10. HP: 77/77 MP: 13/13
  7872 | D:8      | Reached skill level 13 in Maces & Flails
  7882 | D:8      | HP: 2/73 [centaur (4)]
  8411 | D:8      | Slain by a spriggan

Illustrated notes

Levels and vault maps discovered:
D:1:      lemuel_arrival_lava_pool, layout_loops_ring,
          chequers_serial_rivers_marsh
D:2:      layout_basic, serial_shops, nicolae_shop_waterfront,
          serial_co_window_serial, co_window_paths_b, co_window_paths_b,
          co_window_of_opportunity_a, co_window_paths_a, co_window_paths_b,
          co_window_cross_2, co_window_broadway_c, co_window_corner_cb,
          co_window_cross_4, co_window_unsneaky_path_b, co_window_4corner_a,
          basic_altar
D:3:      layout_rooms, nicolae_ru_the_path_less_chosen,
          minmay_misc_feat_four_crosses, nicolae_underground_beach
D:4:      layout_layer_cave, okawaru_gym_becter, vehumet_statue,
          minmay_overflow_temple_star_quad,
          nicolae_ossuary_entry_false_entrances, uniq_crazy_yiuf_cottage
D:5:      layout_layer_cave, mainiacjoe_overflow_alcove_4
D:6:      layout_rooms, mainiacjoe_overflow_surrounded_room, minmay_pentangle,
          uniq_edmund
D:7:      layout_cave_pools, grunt_dithmenos_shadows,
          minmay_temple_entry_statues_pillars
D:8:      layout_cave_pools, ebering_ghost_funeral_grove

Skill      XL: |  1  2  3  4  5  6  7  8  9 10 |
---------------+-------------------------------+-----
Stealth        | 2 3 |  3.0
Dodging        | 2 3 4 |  4.0
Fighting       | 1 2 3 |  3.0
Polearms       | 1 2 3 |  3.8
Maces & Flails | 2 6 9 12 13 | 13.1
Spellcasting   | |  2.0
Conjurations   | |  1.0
Earth Magic    | |  3.0

Action                     |  1- 3 |  4- 6 |  7- 9 | 10-12 || total
---------------------------+-------+-------+-------+-------++-------
  Melee: Dagger            |    38 |       |       |       ||    38
         Tailslap          |     7 |    13 |    20 |     8 ||    48
         Spear             |     3 |   143 |       |       ||   146
         Morningstar       |       |    18 |   220 |    61 ||   299
   Cast: Sandblast         |    34 |    33 |    38 |       ||   105
 Invoke: Sacrifice Words   |       |     1 |       |       ||     1
         Sacrifice Love    |       |       |     1 |       ||     1
Ability: Noxious Breath    |       |       |     1 |       ||     1
    Use: Potion            |       |     7 |     1 |       ||     8
   Stab: Sleeping          |     1 |     6 |     5 |       ||    12
         Distracted        |     1 |       |       |       ||     1
         Invisible         |       |       |     2 |       ||     2
         Confused          |       |       |     1 |       ||     1
 Armour: Skin              |    38 |    86 |   165 |    55 ||   344
  Dodge: Dodged            |    27 |    80 |   176 |    39 ||   322

Table legend: (Time is in decaauts)
 A = Elapsed time spent in this place.
 B = Non-inter-level travel time spent in this place.
 C = Inter-level travel time spent in this place.
 D = Time resting spent in this place.
 E = Time spent auto-exploring this place.
 F = Levels seen in this place.
 G = Mean time per level.
                   A        B        C        D        E       F      G
               +--------+--------+--------+--------+--------+-----+--------+
         Total |   8477 |   8313 |    164 |   1044 |   5454 |   9 |  941.9 |
       Dungeon |   8171 |   8007 |    164 |   1003 |   5454 |   8 | 1021.4 |
       Ossuary |    306 |    306 |      0 |     41 |      0 |   1 |  306.0 |
               +--------+--------+--------+--------+--------+-----+--------+

Top non-repeatable levels by time:
     D:4: 1298 daAuts
     D:2: 1293 daAuts
     D:5: 1278 daAuts
     D:6: 1038 daAuts
     D:1: 944 daAuts
     D:7: 887 daAuts
     D:8: 767 daAuts
     D:3: 663 daAuts
 Ossuary: 306 daAuts
